 Dungeon Crawl Stone Soup version 0.21.0-37-g46506fa5f3 (webtiles) character file.

158 DildoBatman the Sneak (level 5, -1/41 HPs)
             Began as a Formicid Enchanter on Jan 30, 2018.
             Slain by a gnoll
             ... wielding a +0 whip
              (7 damage)
             ... on level 3 of the Dungeon.
             The game lasted 00:07:36 (2944 turns).

DildoBatman the Sneak (Formicid Enchanter)          Turns: 2944, Time: 00:07:36

Health: -1/41      AC:  6    Str: 14    XL:     5   Next: 67%
Magic:  1/8        EV: 11    Int: 14    God:
Gold:   93         SH:  0    Dex: 11    Spells: 4/8 levels left

rFire    + . .     SeeInvis +   b - +0 halberd
rCold    . . .     Gourm    .   (no shield)
rNeg     . . .     Faith    .   k - +0 ring mail
rPois    .         Spirit   .   (helmet unavailable)
rElec    .         Reflect  .   (no cloak)
rCorr    .         Harm     .   (no gloves)
MR       .....                  n - +0 pair of boots
Stlth    ++........             (no amulet)
HPRegen  0.13/turn              f - ring of protection from fire
MPRegen  0.11/turn              (no ring)

@: no status effects
A: permanent stasis, dig shafts and tunnels, four strong arms, antennae 3
a: Dig, Shaft Self


You were on level 3 of the Dungeon.
You were very hungry.

You visited 1 branch of the dungeon, and saw 3 of its levels.

You collected 93 gold pieces.

Inventory:

Hand Weapons
 a - a +1 dagger
 b - a +0 halberd (weapon)
 t - a +0 dagger of speed
Armour
 k - a +0 ring mail (worn)
 n - a +0 pair of boots (worn)
 r - a +0 robe
Jewellery
 f - a ring of protection from fire (left hand)
 s - an uncursed ring of ice {unknown}
Scrolls
 i - a scroll of fog {unknown}
 j - a scroll of blinking {unknown}
 m - a scroll of identify {unknown}
 o - a scroll of immolation {unknown}
 u - a scroll of random uselessness {unknown}
Potions
 d - a potion of resistance {unknown}
 e - a potion of invisibility {unknown}
 g - a potion of heal wounds {unknown}
 h - a potion of might {unknown}
 l - a potion of brilliance {unknown}
 q - a potion of haste {unknown}
Books
 c - a book of Maledictions

   Spells                             Type                      Level
   a - Corona                         Hexes                        1
   b - Ensorcelled Hibernation        Hexes/Ice                    2
   c - Confuse                        Hexes                        3
   d - Tukima's Dance                 Hexes                        3
   e - Dazzling Spray                 Conjuration/Hexes            3
Comestibles
 v - 7 rations


   Skills:
 * Level 3.3 Fighting
 - Level 1.0 Short Blades
 * Level 2.5 Armour
 * Level 2.3 Dodging
 * Level 4.5 Stealth
 - Level 2.1 Spellcasting
 - Level 3.6 Hexes


You had 4 spell levels left.
You knew the following spells:

 Your Spells              Type           Power        Failure   Level  Hunger
a - Corona                Hex            ##.....      11%         1    #......
b - Confuse               Hex            ##......     30%         3    ###....


Dungeon Overview and Level Annotations

Branches:
Dungeon (3/15)

Altars:
Nemelex Xobeh


Innate Abilities, Weirdness & Mutations

You cannot be hasted, slowed, berserked, paralysed or teleported.
You can dig through walls and to a lower floor.
Your four strong arms can wield two-handed weapons with a shield.
You have a pair of large antennae on your head. (SInv)


Message History

Press: ? - help, Shift-Dir - straight line, f - rat
Aim: a rat (chance to defeat MR: 64%)
The rat is outlined in light.
The rat barely misses you.
You hit the rat.
You kill the rat!
The gnoll hits you with a whip.
Casting: Corona
Confirm with . or Enter, or press ? or * to list all spells.
Aiming: Corona
Press: ? - help, Shift-Dir - straight line, f - gnoll
Aim: a gnoll, wielding a whip (chance to defeat MR: 55%)
The gnoll is outlined in light.
The gnoll hits you but does no damage.
You barely miss the gnoll. The gnoll hits you with a whip.
You puncture the gnoll!
The gnoll is severely wounded.
The gnoll hits you with a whip!
You die...

###...<....g.......
#........?..{......
........<....{.....
s.........{........{
.............g####
.......##....)##
.o....o....###.##
o..........# ##g#
..w..o...## #@##
......... ### ......
..K...


You could see a gnoll.

Vanquished Creatures
  Robin (D:2)
  2 adders
  4 gnolls
  An adder skeleton (D:3)
  4 worms
  A leopard gecko (D:1)
  An orc (D:3)
  7 bats
  4 giant cockroaches (D:1)
  15 goblins
  11 hobgoblins
  4 jackals (D:1)
  8 kobolds
  A quokka (D:2)
  A frilled lizard (D:3)
  5 rats
70 creatures vanquished.

Notes
Turn   | Place    | Note
-------+----------+-------------------------------------------
     0 | D:1      | DildoBatman the Formicid Enchanter began the quest for the Orb.
     0 | D:1      | Reached XP level 1. HP: 13/13 MP: 3/3
    96 | D:1      | Reached skill level 1 in Fighting
   289 | D:1      | Reached XP level 2. HP: 14/22 MP: 3/5
   981 | D:1      | Reached XP level 3. HP: 28/28 MP: 4/6
   986 | D:1      | Learned a level 3 spell: Confuse
  1599 | D:2      | Found a sparkling altar of Nemelex Xobeh.
  1666 | D:2      | Reached XP level 4. HP: 24/35 MP: 4/7
  1756 | D:2      | Reached skill level 1 in Armour
  1756 | D:2      | Reached skill level 4 in Stealth
  2206 | D:2      | Noticed Robin
  2414 | D:1      | Reached XP level 5. HP: 34/41 MP: 6/8
  2481 | D:2      | Killed Robin
  2944 | D:3      | Slain by a gnoll

Skill      XL: |  1  2  3  4 |
---------------+-------------+-----
Fighting       | 1 2 3 |  3.3
Dodging        | 2 |  2.3
Armour         | 2 |  2.5
Stealth        | 4 |  4.5
Short Blades   | |  1.0
Spellcasting   | |  2.1
Hexes          | |  3.6

Action                   |  1- 3 |  4- 6 || total
-------------------------+-------+-------++-------
Melee: Dagger            |   183 |    85 ||   268
       Halberd           |       |    53 ||    53
 Cast: Corona            |    25 |    49 ||    74
       Confuse           |       |     3 ||     3
 Abil: Dig               |     1 |     4 ||     5
 Stab: Sleeping          |     2 |       ||     2
  Eat: Chunk             |     3 |     5 ||     8
Armor: Ring mail         |    87 |    53 ||   140
       Robe              |     3 |       ||     3
Dodge: Dodged            |   138 |    87 ||   225
